AoeStats
← Malik Bhai

Runestones

507625251Analyzed
1v1 RM · 13d ago on Sep 19, 2026· 33m 18s· 2 players
Game mode
Random Map
Map size
Tiny (2 player)
Population
200
Speed
Normal
Resources
Standard
Victory
Conquest
Starting age
Dark Age
Ending age
Imperial Age
RankedLock teamsTeams togetherTeam positionsShared explorationLock speedFull tech treeHidden civsTurbo modeCheats
Victory
Defeat
🇭🇰 Gurjaras · Hong Kong SAR China
1761
+17
🇵🇰 Huns · Pakistan
1792
-17
***
5:50 Loom
8:51 Feudal Age
9:27 Double-Bit Axe
11:12 Horse Collar
15:51 Fletching
19:16 Castle Age
18:35 Scale Barding Armor
19:35 Bloodlines
19:25 Gold Mining
20:00 Husbandry
22:10 Bodkin Arrow
21:56 Crossbowman
30:07 Bow Saw
Malik Bhai
5:59 Loom
8:25 Feudal Age
9:03 Double-Bit Axe
13:41 Fletching
15:09 Horse Collar
21:09 Castle Age
20:27 Padded Archer Armor
31:19 Scale Mail Armor
Connection lost

Rejoining the realm…

Still unreachable

The connection could not be restored.

Session expired

The server has moved on; the page needs a fresh start.